 Dungeon Crawl Stone Soup version 0.25-a0-316-gd28d56f9c5 (webtiles) character file.

Game seed: 14592908915053751803, levelgen mode: deterministic

411 Morrissey the Cutter (level 7, -4/49 HPs)
             Began as a Halfling Berserker on Dec 25, 2019.
             Was a Priest of Trog.
             Slain by a wight
             ... wielding a +6 spear
              (5 damage)
             ... on level 4 of the Dungeon.
             The game lasted 00:05:21 (2764 turns).

Morrissey the Cutter (Halfling Berserker)           Turns: 2764, Time: 00:05:22

Health: -4/49      AC:  6    Str: 16 (18) XL:     7   Next: 14%
Magic:  7/7        EV: 14    Int:  4 (5)  God:    Trog [***...]
Gold:   210        SH:  0    Dex: 15 (16) Spells: 6/6 levels left

rFire    . . .     SeeInvis .   a - +0 short sword
rCold    . . .     Gourm    .   (shield restricted)
rNeg     . . .     Faith    .   B - +0 ring mail (curse)
rPois    .         Spirit   .   (no helmet)
rElec    .         Reflect  .   (no cloak)
rCorr    .         Harm     .   (no gloves)
MR       .....                  r - +0 pair of boots
Stlth    +.........             (no amulet)
HPRegen  0.16/turn              (no ring)
MPRegen  0.10/turn              (no ring)

@: berserk cooldown, slowed, drained, very slow
A: small, mutation resistance 1
a: Berserk, Trog's Hand, Renounce Religion


You were on level 4 of the Dungeon.
You worshipped Trog.
Trog was most pleased with you.
You were hungry.

You visited 1 branch of the dungeon, and saw 4 of its levels.

You collected 210 gold pieces.

Inventory:

Hand Weapons
 a - a +0 short sword (weapon)
 b - a +0 hunting sling
Missiles
 u - 50 sling bullets
Armour
 r - a +0 pair of boots (worn)
 B - a cursed +0 ring mail (worn)
Jewellery
 j - an uncursed ring of protection from cold {unknown}
 v - an uncursed ring of see invisible
 x - an uncursed amulet of the gourmand {unknown}
Scrolls
 e - 2 scrolls of identify
 i - a scroll of remove curse {unknown}
 l - 2 scrolls of random uselessness
 m - a scroll of enchant armour {unknown}
 o - a scroll of fog {unknown}
 s - a scroll of teleportation {unknown}
 t - a scroll of magic mapping {unknown}
 w - a scroll of enchant weapon {unknown}
 y - a scroll of blinking {unknown}
Potions
 f - a potion of degeneration
 g - 2 potions of flight {unknown}
 h - 2 potions of curing {unknown}
 k - 2 potions of might {unknown}
 n - a potion of heal wounds {unknown}
 p - a potion of invisibility {unknown}
 q - a potion of ambrosia {unknown}
 z - 2 potions of mutation {unknown}
Comestibles
 c - 3 rations
 d - 4 chunks of flesh


   Skills:
 * Level 4.3(3.3) Fighting
 + Level 4.6(3.5) Short Blades
 + Level 2.8(1.8) Slings
 * Level 4.5(3.5) Armour
 + Level 3.6(2.6) Dodging
 - Level 0.2(0.0) Stealth


You had 6 spell levels left.
You didn't know any spells.
Your spell library was empty.

Dungeon Overview and Level Annotations

Branches:
Dungeon (4/15)
 Temple: D:4-7

Altars:
Dithmenos


Innate Abilities, Weirdness & Mutations

You are small and have problems with some larger weapons.
You are somewhat resistant to further mutation.


Message History

The wight hits you but does no damage. The wight hits you but does no damage.
You see here a bone ring.
The ooze barely misses you.
A wight comes into view. It is wielding a +0 war axe.
The wight barely misses you. The ooze hits you but does no damage.
The ooze hits you but does no damage. The ooze hits you but does no damage.
There is an open door here.
The ooze barely misses you.
The wight hits you from afar with a +6 spear.
* * * LOW HITPOINT WARNING * * *
The ooze jiggles.
The ooze hits you but does no damage.
It was a potion of degeneration.
There was something very wrong with that liquid.
You feel weakened.
You feel dopey.
You feel clumsy.
The wight hits you from afar with a +6 spear.
You die...

#.# ###########.###########
#####......................
#...)...z.####....#####...#
#.###.##z### #....#####...# #.#
#.#....# #....#...'...+
######'###z#.zz.# #....#.###...#
#.......=.z#...J# #....#.# #...#
#...$.....z#...@# #....#.# #...#
#.........$#....# #....#.###...#
#..........#....####'##....#...#
#..........'(.รท.'....##....#...#
#..........#....#######....#...#
#..........##'### #....# #
#..........##.# #....# #
.=.......##.# ####....#####
........>. ........'....


You could see 4 wights and an ooze.

Vanquished Creatures
  2 ogres
  A wight (D:4)
  A howler monkey (D:4)
  A worker ant (D:4)
  A hound skeleton (D:3)
  A howler monkey skeleton (D:4)
  3 adders
  3 worms
  5 dart slugs
  3 leopard geckos
  An orc (D:4)
  3 giant cockroaches
  8 goblins
  9 hobgoblins
  4 jackals
  5 kobolds
  A quokka (D:2)
  7 bats
  12 frilled lizards
  A jackal skeleton (D:4)
  10 rats
82 creatures vanquished.

Notes
Turn   | Place    | Note
-------+----------+-------------------------------------------
     0 | D:1      | Morrissey the Halfling Berserker began the quest for the
                  | Orb.
     0 | D:1      | Reached XP level 1. HP: 15/15 MP: 1/1
    54 | D:1      | Reached XP level 2. HP: 13/20 MP: 2/2
   279 | D:1      | Reached XP level 3. HP: 26/26 MP: 3/3
   286 | D:1      | Reached ** piety under Trog
   712 | D:2      | Reached XP level 4. HP: 14/31 MP: 4/4
  1834 | D:3      | Reached *** piety under Trog
  1880 | D:3      | Reached XP level 5. HP: 31/36 MP: 5/5
  1897 | D:3      | Reached skill level 1 in Slings
  1974 | D:3      | Noticed an ogre
  1986 | D:3      | Killed an ogre
  2040 | D:3      | Reached XP level 6. HP: 32/43 MP: 6/6
  2069 | D:3      | Found a shadowy altar of Dithmenos.
  2348 | D:4      | Noticed an ogre
  2355 | D:4      | Killed an ogre
  2697 | D:4      | Reached XP level 7. HP: 40/48 MP: 7/7
  2749 | D:4      | HP: 2/49 [wight/+6 spear (3)]
  2763 | D:4      | HP: 1/49 [wight/+6 spear (4)]
  2764 | D:4      | Slain by a wight

Levels and vault maps discovered:
D:1:      tarquinn_simple_flora_water_a, layout_rooms, hangedman_feature_mirror
D:2:      layout_loops_cross
D:3:      layout_rooms, nicolae_dithmenos_through_a_glass_darkly, first_ration,
          serial_bayou_pond_c
D:4:      layout_basic, nicolae_overflow_hidden_temple, kennysheep_doodads

Skill      XL: |  1  2  3  4  5  6 |
---------------+-------------------+-----
Fighting       | 3 4 |  4.3
Armour         | 3 4 |  4.5
Short Blades   | 4 |  4.6
Slings         | 1 2 |  2.8
Dodging        | 3 |  3.6
Stealth        | |  0.2

Action                   |  1- 3 |  4- 6 |  7- 9 || total
-------------------------+-------+-------+-------++-------
Melee: Short sword       |   107 |   197 |    16 ||   320
Invok: Berserk           |     3 |     3 |     1 ||     7
  Use: Scroll            |       |       |     1 ||     1
       Potion            |       |       |     1 ||     1
 Stab: Sleeping          |       |     1 |       ||     1
  Eat: Chunk             |     1 |    11 |       ||    12
Armor: Animal skin       |    21 |     8 |       ||    29
       Ring mail         |       |    24 |     7 ||    31
Dodge: Dodged            |    78 |   109 |    17 ||   204

Table legend:
 A = Non-vault XP
 B = Vault XP
 C = Vault XP percentage of total XP
 D = Non-vault monster count
 E = Vault monster count
 F = Vault count percentage of total count
                 A         B        C        D         E       F
            +---------+---------+-------+---------+---------+-------
      Total |     579 |       9 |   1.5 |      76 |       6 |   7.3
            +---------+---------+-------+---------+---------+-------
        D:1 |      46 |       9 |  16.4 |      28 |       6 |  17.6
        D:2 |      53 |       0 |   0.0 |      18 |       0 |   0.0
        D:3 |     170 |       0 |   0.0 |      18 |       0 |   0.0
        D:4 |     310 |       0 |   0.0 |      12 |       0 |   0.0
            +---------+---------+-------+---------+---------+-------
